Map: Acid Plant LE

Players

Kila

  • Race: Terran Terran
  • League: Gold
  • Spawn Location: 5:00

CarbonKnight - Winner!

  • Race: Zerg Zerg
  • League: Gold
  • Spawn Location: 11:00

VOD

Have the link to the VOD?

Description

started zerg rush, but too slow on the draw, had to adapt, improvise, OVERCOME

Time

  • Played on: March 23, 2018, 10:57 p.m.
  • Length: 18:26
Show
View Real Time Build Order
Export as new Build Order

Kila Terran 

Build Orders: Command Center First (CC) 

Get SALT Encoding   

  12  0:01  SCV  
  13  0:20  SCV  
  14  0:21  Engineering Bay  
  14  0:35  SCV, Supply Depot  
  15  0:45  Refinery  
  15  1:00  SCV  
  16  1:05  Refinery  
  16  1:14  SCV  
  17  1:27  SCV  
  18  1:33  Command Center  
  18  1:44  SCV  
  19  1:53  Barracks  
  19  1:58  SCV  
  20  2:10  SCV  
  21  2:22  SCV  
  22  2:26  Supply Depot  
  22  2:45  Planetary Fortress  
  22  2:50  Barracks Reactor  
  22  2:56  Barracks  
  22  2:59  Orbital Command  
  22  3:22  Factory  
  22  3:27  Marine x2  
  21  3:28  SCV  
  24  3:40  SCV  
  25  3:43  Missile Turret  
  25  3:48  SCV  
  25  3:53  SCV  
  25  3:54  Barracks Tech Lab  
  27  4:01  SCV  
  28  4:05  SCV  
  28  4:08  Marine x2  
  31  4:13  SCV, Supply Depot  
  32  4:17  SCV  
  33  4:29  SCV  
  33  4:30  Factory Tech Lab  
  36  4:31  Marauder  
  36  4:33  Concussive Shells  
  36  4:34  Marine  
  36  4:36  Sensor Tower  
  36  4:56  Supply Depot  
  36  5:01  Supply Depot  
  36  5:04  Supply Depot  
  36  5:10  Supply Depot  
  36  5:13  SCV  
  37  5:21  Siege Tank  
  37  5:25  SCV  
  37  5:27  Marine x2, Marauder  
  45  5:40  Bunker  
  45  5:48  Marauder  
  45  5:49  Marine x2  
  49  5:50  Combat Shields  
  49  5:53  Siege Tank  
  52  6:10  Marauder, Supply Depot  
  54  6:13  Missile Turret  
  54  6:17  Terran Infantry Weapons Level 1  
  54  6:22  Marine  
  54  6:24  Marine  
  56  6:29  Refinery  
  56  6:31  Marauder  
  56  6:32  Refinery  
  58  6:33  SCV  
  58  6:36  SCV  
  63  6:45  SCV  
  64  6:48  SCV  
  64  6:52  Marauder  
  67  6:57  SCV  
  65  7:18  Widow Mine  
  65  7:19  Widow Mine  
  69  7:52  Cyclone  
  69  7:53  SCV, Cyclone  
  69  7:55  SCV  
  67  8:06  SCV  
  67  8:07  SCV  
  67  8:11  Terran Infantry Armor Level 1  
  69  8:18  SCV  
  70  8:21  SCV  
  70  8:24  Marine  
  70  8:26  Marauder  
  74  8:27  Widow Mine x2  
  74  8:30  SCV  
  79  8:42  Marine, Starport  
  80  8:48  Widow Mine  
  80  8:49  Widow Mine  
  84  9:00  Marine  
  85  9:06  SCV  
  85  9:07  SCV  
  87  9:14  Missile Turret  
  87  9:18  SCV  
  87  9:19  SCV  
  87  9:20  Widow Mine x2  
  93  9:34  Sensor Tower  
  93  9:55  Widow Mine  
  93  9:59  Widow Mine  
  93  10:04  SCV  
  94  10:10  Starport Reactor  
  94  10:13  Supply Depot  
  94  10:14  Starport  
  94  10:17  Starport  
  94  10:20  Armory  
  94  10:26  Marine x2, SCV x2, Supply Depot, Widow Mine x2  
  94  10:28  Supply Depot  
  102  10:29  Supply Depot  
  102  10:38  SCV  
  102  10:40  Starport Tech Lab  
  103  10:43  Marine  
  104  10:52  Command Center  
  104  11:00  Starport Tech Lab  
  104  11:07  Fusion Core  
  104  11:10  Armory  
  104  11:13  Terran Vehicle And Ship Armor Level 1  
  104  11:14  Terran Infantry Weapons Level 2  
  104  11:16  Marine, Marauder  
  107  11:21  Hellbat x2  
  111  11:34  Marine  
  111  11:37  Marine  
  111  12:15  Battlecruiser x2  
  119  12:21  Marine  
  119  12:22  Marine  
  121  12:24  Starport  
  121  12:32  Missile Turret  
  121  12:39  Marine x2  
  123  12:45  Missile Turret  
  123  12:51  Missile Turret  
  123  12:54  Terran Ship Weapons Level 1  
  123  13:02  Orbital Command  
  123  13:11  Missile Turret  
  109  14:21  Orbital Command, Battlecruiser  
  109  14:22  Battlecruiser  
  121  14:36  Battlecruiser  
  127  14:38  Barracks Reactor  
  127  14:50  SCV  
  128  15:02  SCV  
  129  15:10  Refinery  
  129  15:15  Refinery  
  129  15:18  Missile Turret, Bunker  
  129  15:26  Battlecruiser x2  
  129  15:27  Bunker  
  141  15:28  Missile Turret  
  141  15:32  Terran Vehicle And Ship Armor Level 2  
  141  15:34  Terran Ship Weapons Level 2  
  140  15:37  Missile Turret  
  140  15:41  Battlecruiser  
  146  15:50  Orbital Command  
  137  16:29  Marine x3  
  137  16:30  Marine, Battlecruiser  
  143  16:47  Marine x3  
  143  16:49  SCV  
  145  17:02  SCV  
  137  17:14  SCV, Battlecruiser  
  144  17:19  Battlecruiser  
Show
View Real Time Build Order
Export as new Build Order

CarbonKnight Zerg - Winner!

Build Orders: Pool First, Zergling Baneling 

Get SALT Encoding   

  12  0:01  Drone  
  13  0:09  Drone  
  13  0:13  Extractor  
  13  0:16  Drone  
  14  0:26  Overlord  
  14  0:45  Spawning Pool  
  14  0:47  Drone  
  14  0:53  Drone  
  15  0:58  Drone  
  15  1:04  Drone  
  17  1:13  Overlord  
  17  1:31  Metabolic Boost  
  17  1:34  Zergling x4  
  19  1:40  Queen  
  19  1:44  Zergling x2  
  22  2:02  Zergling x2  
  22  2:04  Zergling x2  
  24  2:29  Zergling x2  
  25  2:30  Zergling x2  
  25  2:36  Drone  
  27  2:45  Baneling Nest  
  27  2:46  Overlord  
  26  2:55  Zergling x2  
  26  2:56  Zergling x4  
  29  3:06  Zergling x2  
  29  3:11  Hatchery  
  29  3:13  Drone  
  30  3:29  Baneling x3  
  30  3:30  Baneling x5  
  30  3:31  Zergling x8  
  34  3:58  Lair  
  34  4:03  Overlord  
  34  4:28  Drone x6  
  26  4:57  Drone x4  
  29  5:10  Pneumatized Carapace  
  29  5:11  Zergling x2  
  30  5:18  Zergling x8  
  30  5:19  Zergling x4, Hatchery  
  35  5:30  Evolution Chamber  
  34  5:38  Evolution Chamber  
  34  5:44  Spire  
  34  5:46  Zergling x8  
  34  5:47  Zergling x2  
  38  5:52  Queen  
  40  6:06  Drone x4, Extractor  
  40  6:07  Drone  
  40  6:09  Overlord  
  44  6:42  Drone x2  
  44  6:45  Drone x4  
  44  6:46  Drone  
  51  6:47  Queen  
  53  7:15  Mutalisk x2  
  57  7:26  Extractor  
  57  7:28  Extractor  
  57  7:29  Drone  
  57  7:30  Drone x2  
  57  7:32  Overlord x3  
  55  8:19  Mutalisk x2  
  55  8:20  Mutalisk  
  61  8:41  Mutalisk  
  63  8:50  Drone x6  
  63  8:51  Overlord x3  
  63  8:53  Drone x2  
  71  9:10  Hatchery, Baneling x4  
  71  9:11  Baneling x2  
  71  9:12  Baneling  
  71  9:13  Baneling x2  
  71  9:15  Baneling  
  70  9:20  Zerg Missile Weapons Level 1  
  70  9:24  Mutalisk  
  72  10:14  Mutalisk x5  
  72  10:16  Zergling x4  
  72  10:17  Zergling x18  
  93  10:30  Drone x3  
  96  10:51  Queen  
  96  10:53  Drone x5  
  96  10:54  Drone x3  
  106  10:59  Zergling x4  
  106  11:00  Zergling x8  
  106  11:01  Overlord x4  
  112  11:13  Overlord x2  
  112  11:14  Overlord  
  112  11:20  Zerg Flyer Weapons Level 1  
  112  11:37  Mutalisk x6  
  112  11:38  Mutalisk  
  126  11:40  Extractor  
  126  11:43  Extractor  
  124  11:48  Zergling x8  
  124  11:49  Zergling x8  
  124  11:50  Zergling x2  
  127  12:27  Mutalisk  
  127  12:28  Mutalisk x4  
  137  12:44  Infestation Pit  
  136  12:51  Extractor  
  135  12:53  Extractor  
  134  13:14  Zerg Flyer Armor Level 1  
  83  13:52  Mutalisk x2  
  83  13:53  Mutalisk x6  
  83  13:54  Mutalisk x2  
  103  14:08  Mutalisk  
  103  14:09  Mutalisk x2  
  109  14:15  Drone  
  109  14:16  Drone x12  
  122  14:31  Mutalisk x3  
  128  14:40  Roach Warren  
  128  14:43  Hive  
  128  14:44  Zerg Missile Weapons Level 2  
  127  14:52  Zergling x12  
  133  14:53  Zergling x36  
  151  15:11  Spire  
  150  15:14  Zerg Flyer Weapons Level 2  
  150  15:16  Evolution Chamber  
  149  15:28  Drone x3  
  152  15:30  Overlord x14  
  152  15:47  Hatchery  
  120  17:28  Corruptor x4  
  120  17:29  Corruptor x6  
  132  17:30  Corruptor x7  
  132  17:31  Corruptor x7  
Tags
 
Add a new tag
Caveats
  • Supply blocks, unpowered buildings, or Contaminate may cause inaccurate times.
  • Supply counts are checked every 10 seconds.